Construct Section Command Post
Selects Canadian Shock Battlegroup
Construct Platoon Command Post
Selects Canadian Shock Section
Unlock M3 Stuart Light Tanks
6-pounder Anti-tank Gun Team
Unlock Bishop Self-propelled Artillery
Bishop Self-propelled Artillery
Construct Company Command Post
6-pounder Anti-tank Gun Team
Unlock M3 Grant Medium Tanks
Bishop Self-propelled Artillery
Selects Churchill Crocodile Heavy Tank